 Dungeon Crawl Stone Soup version 0.27.0-1-g7a089689b8 (webtiles) character file.

Game seed: 13187562597733691623

190 Lochraine the Firebug (level 5, -8/31 HPs)
             Began as an Octopode Fire Elementalist on Aug 8, 2021.
             Killed from afar by Ijyb (19 damage)
             ... with a bolt of acid
             ... on level 4 of the Dungeon.
             The game lasted 00:07:32 (3594 turns).

Lochraine the Firebug (Octopode Fire Elementalist)  Turns: 3594, Time: 00:07:33

Health: -8/31      AC:  1    Str:  7    XL:     5   Next: 69%
Magic:  5/9        EV: 13    Int: 19    God:
Gold:   76         SH:  0    Dex: 12    Spells: 6/10 levels left

rFire    . . .     SeeInvis .   b - +3 hand axe (elec)
rCold    . . .     Faith    .   (no shield)
rNeg     . . .     Spirit   .   (helmet restricted)
rPois    .         Reflect  .   (no amulet)
rElec    .         Harm     .   (no ring)
rCorr    .         Rampage  .   (no ring)
Will     .....                  (no ring)
Stlth    +++.......             (no ring)
HPRegen  0.10/turn              (no ring)
MPRegen  0.11/turn              (no ring)
                                (no ring)
                                (no ring)

@: no status effects
A: almost no armour, amphibious, 8 rings, camouflage 1, gelatinous body 1,
(nimble swimmer 1), tentacles
a: no special abilities


You were on level 4 of the Dungeon.
You visited 1 branch of the dungeon, and saw 4 of its levels.
You also visited: Sewer.

You collected 76 gold pieces.

Inventory:

Hand Weapons
 b - a +3 hand axe of electrocution (weapon)
Scrolls
 a - a scroll of fear {unknown}
 c - 2 scrolls of identify
 f - 3 scrolls of enchant weapon
 g - a scroll of amnesia {unknown}
 h - 4 scrolls of teleportation {unknown}
 i - a scroll of brand weapon {unknown}
 m - 3 scrolls of blinking {unknown}
 o - a scroll of enchant armour {unknown}
 p - a scroll of fog {unknown}
 q - a scroll of immolation {unknown}
Potions
 d - a potion of curing
 e - 3 potions of haste {unknown}
 j - a potion of lignification {unknown}
 k - a potion of magic {unknown}
 l - a potion of resistance {unknown}
 n - a potion of brilliance {unknown}


   Skills:
 - Level 2.0 Dodging
 - Level 3.1 Stealth
 + Level 3.2 Spellcasting
 + Level 2.9 Conjurations
 + Level 4.4 Fire Magic


You had 6 spell levels left.
You knew the following spells:

 Your Spells              Type           Power      Damage    Failure   Level
a - Foxfire               Conj/Fire      68%        2x1d7     3%          1
b - Conjure Flame         Conj/Fire      17%        6-21      10%         3

Your spell library contained the following spells:

 Spells                   Type           Power      Damage    Failure   Level
 Inner Flame              Hex/Fire       11%        N/A       19%         3
 Sticky Flame             Conj/Fire      17%        2d4       32%         4
 Fireball                 Conj/Fire      8%         3d6       67%         5


Dungeon Overview and Level Annotations

Branches:
Dungeon (4/15)              Sewer (visited)
 Temple: D:4-7

Altars:

Annotations:
D:2 Sigmund
D:4 Ijyb


Innate Abilities, Weirdness & Mutations

You cannot wear most types of armour.
You are amphibious.
You can wear up to eight rings at the same time.
Your skin changes colour to match your surroundings (Stealth+).
Your rubbery body absorbs attacks. (AC +1, EV +1)
((You are camouflaged near water. (Stealth+)))
You have tentacles for arms and can constrict up to eight enemies at once.


Message History

Things that are here:
a jackal corpse; a jackal corpse Ijyb the Twisted Goblin comes into view.
She is wielding a +0 club and carrying a wand of acid (7).
Casting: Foxfire (safe; 3% risk of failure)
Confirm with . or Enter, or press ? or * to list all spells.
You conjure some foxfire!
Ijyb shouts!
The foxfire hits Ijyb.
Ijyb is lightly wounded.
The foxfire hits Ijyb but does no damage.
Ijyb is lightly wounded.
Casting: Foxfire (safe; 3% risk of failure)
Confirm with . or Enter, or press ? or * to list all spells.
You conjure some foxfire!
The foxfire hits Ijyb but does no damage.
Ijyb is lightly wounded.
Ijyb screams, "Get away!"
Ijyb zaps a wand.
The bolt of acid misses you.
The foxfire hits Ijyb.
Ijyb is moderately wounded.
Casting: Foxfire (safe; 3% risk of failure)
Confirm with . or Enter, or press ? or * to list all spells.
You conjure some foxfire!
The foxfire hits Ijyb.
Ijyb is heavily wounded.
The foxfire hits Ijyb but does no damage.
Ijyb is heavily wounded.
Ijyb zaps a wand.
The bolt of acid hits you!
You are splashed with acid!
Casting: Foxfire (safe; 3% risk of failure)
Confirm with . or Enter, or press ? or * to list all spells.
You conjure some foxfire!
The foxfire hits Ijyb but does no damage.
Ijyb is moderately wounded.
The foxfire hits Ijyb but does no damage.
Ijyb is moderately wounded.
Okay, then.
Casting: Foxfire (safe; 3% risk of failure)
Confirm with . or Enter, or press ? or * to list all spells.
You conjure some foxfire!
Ijyb zaps a wand.
The bolt of acid hits you!!
Ouch! That really hurt!
You die...

## #######.####
###..........
#..........###
#..<.......
#.#.##.###.#.##
#........†...#
#.#..#.###...######
#..#....v@g......
#. #.###v.......#
#. ..#......###.# #
#.#......#
..........
..##...#.## ...
....... #.
##.#.####


You could see Ijyb (ally target).

Vanquished Creatures
  A jelly (D:4)
  6 adders
  A river rat (D:3)
  A worm (D:3)
  A dart slug (D:3)
  5 bats
  5 endoplasms
  4 giant cockroaches
  5 goblins
  9 hobgoblins
  17 jackals
  11 kobolds
  A quokka (D:3)
  9 ball pythons
  2 frilled lizards (D:1)
  8 rats
86 creatures vanquished.

Vanquished Creatures (others)
  102 foxfires
102 creatures vanquished.

Grand Total: 188 creatures vanquished

Notes
Turn   | Place    | Note
-------+----------+-------------------------------------------
     0 | D:1      | Lochraine the Octopode Fire Elementalist began the quest
                  | for the Orb.
     0 | D:1      | Reached XP level 1. HP: 11/11 MP: 3/3
   186 | D:1      | Reached XP level 2. HP: 11/17 MP: 3/5
   680 | D:1      | Reached XP level 3. HP: 21/21 MP: 3/6
  1003 | D:2      | Learned a level 3 spell: Conjure Flame
  1834 | D:2      | Noticed Sigmund
  1910 | D:3      | Reached XP level 4. HP: 14/27 MP: 7/7
  2213 | D:3      | Found a glowing drain.
  2217 | Sewer    | Entered a sewer
  2224 | Sewer    | Reached skill level 4 in Fire Magic
  2774 | Sewer    | Reached XP level 5. HP: 20/31 MP: 5/9
  3585 | D:4      | Noticed Ijyb
  3594 | D:4      | Killed from afar by Ijyb

Illustrated notes

Levels and vault maps discovered:
D:1:      dpeg_arrival_rooms_with_view, layout_loops_ring
D:2:      layout_loops_cross, serial_shops, shop,
          hellmonk_ecumenical_altar_leap_of_faith, uniq_sigmund
D:3:      layout_basic, gup_sewer_entry_bowl
D:4:      minmay_chambers_of_twos, layout_basic,
          minmay_temple_entry_butterflies, uniq_duvessa, uniq_ijyb,
          uniq_eustachio, uniq_blork_the_orc

Skill      XL: |  1  2  3  4  5 |
---------------+----------------+-----
Stealth        | 3 |  3.1
Conjurations   | 2 |  2.9
Fire Magic     | 4 |  4.4
Spellcasting   | 3 |  3.2
Dodging        | |  2.0

Action                   |  1- 3 |  4- 6 || total
-------------------------+-------+-------++-------
Melee: Unarmed           |     6 |       ||     6
       Constrict         |     9 |     7 ||    16
       Hand axe          |    35 |    43 ||    78
       Tentacles         |     2 |     1 ||     3
 Cast: Foxfire           |    27 |    31 ||    58
  Use: Scroll            |     1 |     1 ||     2
 Stab: Sleeping          |     4 |     8 ||    12
Armor: Skin              |    11 |     5 ||    16
Dodge: Dodged            |    40 |    42 ||    82
